Phantoms vs Checkers

Created - Friday, March 13, 2015 at 23:21

Goals
1 2 3 T
Phantoms 0 0 1 1
Checkers 1 1 0 2
Shots
1 2 3 T
Phantoms 12 2 8 22
Checkers 10 11 10 31

1st period

1. Checkers , Corey Locke 6 (Sami Salo, J.T. Wyman) at 10:28 (PP)

Penalties :
J.T. Wyman (CHA) for Holding (Minor) at 4:11, Nick Crawford (CHA) for Slashing (Minor) at 7:05, Farm Player37 (ADR) for Hooking (Minor) at 10:06, Cody Bass (CHA) for Roughing (Minor) at 13:30, Jim O'Brien (CHA) for Delaying the game (Minor) at 19:56

2nd period

2. Checkers , Brian McGrattan 17 (Jim O'Brien, Robyn Regehr) at 12:09 (PP)

Penalties :
Farm Player38 (ADR) for Hooking (Minor) at 10:41, Keegan Lowe (ADR) for Hooking (Minor) at 13:34, Triston Grant (CHA) for Holding (Minor) at 16:11, Blake Parlett (CHA) for Interference (Minor) at 19:29

3rd period

3. Phantoms , Garnet Exelby 3 (Mark Van Guilder, Zack Stortini) at 19:31

Penalties :
Zack FitzGerald (ADR) for Hooking (Minor) at 5:19, Triston Grant (CHA) for Hooking (Minor) at 8:03, Brian McGrattan (CHA) for Fighting (Major) at 11:01, Zack Stortini (ADR) for Fighting (Major) at 11:01

Goalie Stats

Marek Mazanec (ADR), 29 saves from 31 shots - (0.935), L, 9-7-15, 59:42 minutes
Drew MacIntyre (CHA), 21 saves from 22 shots - (0.955), W, 42-19-16, 60:00 minutes

Players Stats for Phantoms

Player Name              G  A  P  +/- PIM S  H  SB GA TA FO     MP     PP MP  PK MP  
------------------------------------------------------------------------------------
Bryan Lerg               0  0  0   1  0   1  0  0  0  0  4/9    19:11   6:47   1:08 
Chris Langkow            0  0  0   0  0   0  1  2  3  0  3/5    17:41   0:00   0:00 
Denver Manderson         0  0  0   0  0   1  0  0  1  0  0/0     6:42   0:00   2:09 
Dmitrij Jaskin           0  0  0   0  0   2  4  0  4  0  1/2    22:04   6:43   3:48 
Farm Player37            0  0  0   0  2   0  0  2  0  0  0/0    12:23   0:00   0:15 
Farm Player38            0  0  0   0  2   0  0  0  0  0  0/0    12:57   0:00   0:04 
Garnet Exelby            1  0  1   1  0   3  4  2  2  2  0/0    25:34   6:53   5:15 
Garrett Wilson           0  0  0   0  0   0  2  0  1  1  0/0    17:47   0:23   0:00 
Harri Pesonen            0  0  0   0  0   0  0  2  0  0  0/1    16:48   7:06   1:08 
Jonathan Hazen           0  0  0   0  0   1  0  2  0  0  0/0    16:55   0:00   0:00 
Josh Lunden              0  0  0   0  0   0  0  0  0  0  0/0     0:00   0:00   0:00 
Keegan Lowe              0  0  0   0  2   5  1  0  1  2  0/0    22:28   7:00   0:33 
Mark Van Guilder         0  1  1   1  0   2  0  1  3  1  1/1    18:03   6:47   0:00 
Randy Jones              0  0  0   1  0   3  0  2  0  0  0/0    25:34   6:53   5:15 
Steve MacIntyre          0  0  0   0  0   0  0  0  0  0  0/0     0:00   0:00   0:00 
Ville Leino              0  0  0   0  0   2  1  2  6  2  11/26  22:22   7:06   3:08 
Zack FitzGerald          0  0  0   0  2   0  1  2  1  1  0/0    21:32   7:00   0:29 
Zack Stortini            0  1  1   1  5   2  0  1  5  0  0/0    16:06   6:47   0:00 

Players Stats for Checkers

Player Name              G  A  P  +/- PIM S  H  SB GA TA FO     MP     PP MP  PK MP  
------------------------------------------------------------------------------------
Andrew Campbell          0  0  0   0  0   0  3  1  1  4  0/0    21:11   0:00   8:05 
Andrew Clark             0  0  0   0  0   1  1  0  0  0  4/9    13:22   2:49   0:00 
Blake Parlett            0  0  0  -1  2   1  1  0  1  0  0/0    16:12   3:08   0:00 
Brian McGrattan          1  0  1   0  5   3  5  0  2  0  0/0    13:18   2:59   0:00 
Cody Bass                0  0  0  -1  2   0  0  0  2  1  0/0     8:06   0:00   0:00 
Corey Locke              1  0  1   0  0   3  1  0  0  0  0/0    15:17   2:49   0:00 
J.T. Wyman               0  1  1   0  2   0  1  0  1  0  0/0    13:32   2:49   0:00 
Jim O'Brien              0  1  1   0  2   2  1  0  0  0  5/10   15:26   2:59   0:00 
Jordan Kremyr            0  0  0  -1  0   3  1  0  0  0  1/2    14:40   0:00   6:45 
Joshua Shalla            0  0  0   0  0   0  0  0  0  0  0/0    14:58   2:59   0:00 
Julien Brouillette       0  0  0   0  0   0  3  1  1  2  0/0    21:11   0:00   8:05 
Nick Crawford            0  0  0   0  2   0  1  1  0  0  0/0    21:17   2:40   4:19 
Robyn Regehr             0  1  1   0  0   7  3  1  0  0  0/0    23:07   2:40   5:48 
Sami Salo                0  1  1  -1  0   4  0  4  1  4  0/0    17:39   3:08   1:29 
Sean Backman             0  0  0   0  0   1  2  1  0  0  1/1    17:12   0:00   7:08 
Taylor Matson            0  0  0   0  0   1  3  0  1  1  2/7    16:32   0:00   7:08 
Triston Grant            0  0  0   0  4   1  1  0  1  1  0/0     8:19   0:00   0:00 
Tyler Gron               0  0  0  -1  0   4  0  1  3  1  11/15  14:40   0:00   6:45 

3 Stars

1 - Garnet Exelby (ADR)
2 - Drew MacIntyre (CHA)
3 - Corey Locke (CHA)

Power Play

Phantoms - 0 on 7 Attempt(s) - 0.00%
Checkers - 2 on 4 Attempt(s) - 50.00%

Penalty Kill

Phantoms - 2 on 4 Attempt(s) - 50.00% - Score 0 goal in Penalty Kill
Checkers - 7 on 7 Attempt(s) - 100.00% - Score 0 goal in Penalty Kill

Team Stat

Phantoms - Hits : 14 - Faceoff Wins : 20 - Blocked Shots : 18 - Penalty Minutes : 13
Checkers - Hits : 27 - Faceoff Wins : 24 - Blocked Shots : 10 - Penalty Minutes : 19

Official

Referees : Unknown
Linesman : Unknown

Game Notes

Brian McGrattan beats up Zack Stortini at 11:01 of 3rd period
17:11 of 3rd period - Phantoms goal is going for a video replay. After video review, No Goal. The referee deems the play has been stopped, even if he had not physically had the opportunity to stop play by blowing his whistle.

Finance

Level 1 -- Attendance: 1393 (69.65%) -- Ticket Income $44,576
Level 2 -- Attendance: 716 (71.60%) -- Ticket Income $8,592
Total Attendance: 2109 (70.30%)
Total Ticket Income: $53,168
Other Income: $26,052
Total Income: $79,220

Phantoms

5 vs 5 Forward 
   Center                   Left Wing                Right Wing               Time % Phy DF OF 
 1 Ville Leino              Dmitrij Jaskin           Harri Pesonen            35     1   2  2  
 2 Bryan Lerg               Mark Van Guilder         Zack Stortini            30     1   2  2  
 3 Chris Langkow            Garrett Wilson           Jonathan Hazen           22     1   2  2  
 4 Ville Leino              Denver Manderson         Dmitrij Jaskin           13     1   2  2  

5 vs 5 Defense 
   Defense                  Defense                                           Time % Phy DF OF 
 1 Randy Jones              Garnet Exelby                                     35     1   2  2  
 2 Keegan Lowe              Zack FitzGerald                                   30     1   2  2  
 3 Farm Player37            Farm Player38                                     22     1   2  2  
 4 Randy Jones              Garnet Exelby                                     13     1   2  2  

PowerPlay Forward 
   Center                   Left Wing                Right Wing               Time % Phy DF OF 
 1 Ville Leino              Dmitrij Jaskin           Harri Pesonen            60     1   2  2  
 2 Bryan Lerg               Mark Van Guilder         Zack Stortini            40     1   2  2  

PowerPlay Defense
   Defense                  Defense                                           Time % Phy DF OF 
 1 Randy Jones              Garnet Exelby                                     60     1   2  2  
 2 Keegan Lowe              Zack FitzGerald                                   40     1   2  2  

Penalty Kill 4 Players Forward 
   Center                   Wing                     Time % Phy DF OF 
 1 Ville Leino              Dmitrij Jaskin           60     1   2  2  
 2 Harri Pesonen            Bryan Lerg               40     1   2  2  

Penalty Kill 4 Players Defense
   Defense                  Defense                  Time % Phy DF OF 
 1 Randy Jones              Garnet Exelby            60     1   2  2  
 2 Keegan Lowe              Zack FitzGerald          40     1   2  2  

Penalty Kill - 3 Players Forward 
   Forward                                           Time % Phy DF OF 
 1 Ville Leino                                       60     1   2  2  
 2 Dmitrij Jaskin                                    40     1   2  2  

Penalty Kill - 3 Players Defense
   Defense                  Defense                  Time % Phy DF OF 
 1 Randy Jones              Garnet Exelby            60     1   2  2  
 2 Keegan Lowe              Zack FitzGerald          40     1   2  2  

4 vs 4 Forward 
   Center                   Wing                     Time % Phy DF OF 
 1 Ville Leino              Dmitrij Jaskin           60     1   2  2  
 2 Harri Pesonen            Bryan Lerg               40     1   2  2  

4 vs 4 Defense
   Defense                  Defense                  Time % Phy DF OF 
 1 Randy Jones              Garnet Exelby            60     1   2  2  
 2 Keegan Lowe              Zack FitzGerald          40     1   2  2  

Last Minutes Offensive
   Center                   Left Wing                Right Wing               Defense                  Defense                  
   Ville Leino              Dmitrij Jaskin           Harri Pesonen            Randy Jones              Garnet Exelby            

Last Minutes Defensive
   Center                   Left Wing                Right Wing               Defense                  Defense                  
   Ville Leino              Dmitrij Jaskin           Harri Pesonen            Randy Jones              Garnet Exelby            

Goaltenders
Starting : Marek Mazanec            
Backup : Johan Hedberg            

Extra Forwards
Normal : Garrett Wilson, Chris Langkow, Denver Manderson - PP : Garrett Wilson, Chris Langkow - PK : Denver Manderson
Extra Defensemen
Normal : Farm Player37, Farm Player38, Keegan Lowe - PP : Farm Player37 - PK : Farm Player38, Keegan Lowe
Penalty Shots
Ville Leino, Dmitrij Jaskin, Harri Pesonen, Bryan Lerg, Zack Stortini

Checkers

5 vs 5 Forward 
   Center                   Left Wing                Right Wing               Time % Phy DF OF 
 1 Jim O'Brien              Joshua Shalla            Brian McGrattan          28     1   2  2  
 2 Andrew Clark             Corey Locke              J.T. Wyman               27     1   2  2  
 3 Taylor Matson            Triston Grant            Sean Backman             25     1   2  2  
 4 Tyler Gron               Jordan Kremyr            Cody Bass                20     1   2  2  

5 vs 5 Defense 
   Defense                  Defense                                           Time % Phy DF OF 
 1 Sami Salo                Blake Parlett                                     35     1   2  2  
 2 Robyn Regehr             Nick Crawford                                     35     1   2  2  
 3 Julien Brouillette       Andrew Campbell                                   30     1   2  2  
 4 Sami Salo                Blake Parlett                                     0      1   2  2  

PowerPlay Forward 
   Center                   Left Wing                Right Wing               Time % Phy DF OF 
 1 Jim O'Brien              Joshua Shalla            Brian McGrattan          50     0   1  4  
 2 Andrew Clark             Corey Locke              J.T. Wyman               50     0   1  4  

PowerPlay Defense
   Defense                  Defense                                           Time % Phy DF OF 
 1 Sami Salo                Blake Parlett                                     50     0   1  4  
 2 Robyn Regehr             Nick Crawford                                     50     0   1  4  

Penalty Kill 4 Players Forward 
   Center                   Wing                     Time % Phy DF OF 
 1 Tyler Gron               Jordan Kremyr            50     1   3  1  
 2 Taylor Matson            Sean Backman             50     1   3  1  

Penalty Kill 4 Players Defense
   Defense                  Defense                  Time % Phy DF OF 
 1 Julien Brouillette       Andrew Campbell          50     1   3  1  
 2 Robyn Regehr             Nick Crawford            50     1   3  1  

Penalty Kill - 3 Players Forward 
   Forward                                           Time % Phy DF OF 
 1 Tyler Gron                                        50     0   5  0  
 2 Taylor Matson                                     50     0   5  0  

Penalty Kill - 3 Players Defense
   Defense                  Defense                  Time % Phy DF OF 
 1 Sami Salo                Blake Parlett            50     0   5  0  
 2 Robyn Regehr             Nick Crawford            50     0   5  0  

4 vs 4 Forward 
   Center                   Wing                     Time % Phy DF OF 
 1 Jim O'Brien              Joshua Shalla            50     1   2  2  
 2 Andrew Clark             Corey Locke              50     1   2  2  

4 vs 4 Defense
   Defense                  Defense                  Time % Phy DF OF 
 1 Sami Salo                Blake Parlett            50     1   2  2  
 2 Robyn Regehr             Nick Crawford            50     1   2  2  

Last Minutes Offensive
   Center                   Left Wing                Right Wing               Defense                  Defense                  
   Jim O'Brien              Brian McGrattan          Corey Locke              Sami Salo                Robyn Regehr             

Last Minutes Defensive
   Center                   Left Wing                Right Wing               Defense                  Defense                  
   Jim O'Brien              Corey Locke              Brian McGrattan          Sami Salo                Robyn Regehr             

Goaltenders
Starting : Drew MacIntyre           
Backup : Nathan Lawson            

Extra Forwards
Normal : Corey Locke, Jim O'Brien, Sean Backman - PP : Sean Backman, Cody Bass - PK : Jim O'Brien
Extra Defensemen
Normal : Robyn Regehr, Sami Salo, Andrew Campbell - PP : Robyn Regehr - PK : Sami Salo, Robyn Regehr
Penalty Shots
Brian McGrattan, Jim O'Brien, Sean Backman, Andrew Clark, Corey Locke

% Time on Ice - Phantoms

Lines # - Real PCT - Wanted PCT - Time Play
Normal Forward
1 - 21% - 35% - 8:23
2 - 28% - 30% - 11:16
3 - 42% - 22% - 16:55
4 - 8% - 13% - 3:17
Normal Defense
1 - 29% - 35% - 11:35
2 - 37% - 30% - 14:44
3 - 30% - 22% - 12:09
4 - 3% - 13% - 1:23
PP Forward
1 - 51% - 60% - 7:06
2 - 49% - 40% - 6:47
PP Defense
1 - 50% - 60% - 6:53
2 - 50% - 40% - 7:00
PK Forward
1 - 80% - 60% - 4:40
2 - 20% - 40% - 1:08
PK Defense
1 - 91% - 60% - 5:15
2 - 9% - 40% - 0:33
PK3 Forward
1 - 0% - 60%
2 - 0% - 40%
PK3 Defense
1 - 0% - 60%
2 - 0% - 40%
44 Forward
1 - 0% - 60%
2 - 0% - 40%
44 Defense
1 - 0% - 60%
2 - 0% - 40%
Last Minute Offensive  - 0:28
Last Minute Defensive  - 0:00
Total
Forward - 60:00
Defense - 60:00

% Time on Ice - Checkers

Lines # - Real PCT - Wanted PCT - Time Play
Normal Forward
1 - 30% - 28% - 11:59
2 - 31% - 27% - 12:20
3 - 19% - 25% - 7:37
4 - 20% - 20% - 7:55
Normal Defense
1 - 36% - 35% - 14:30
2 - 36% - 35% - 14:11
3 - 28% - 30% - 11:10
4 - 0% - 0% - 0:00
PP Forward
1 - 51% - 50% - 2:59
2 - 49% - 50% - 2:49
PP Defense
1 - 54% - 50% - 3:08
2 - 46% - 50% - 2:40
PK Forward
1 - 49% - 50% - 6:45
2 - 51% - 50% - 7:08
PK Defense
1 - 58% - 50% - 8:05
2 - 42% - 50% - 5:48
PK3 Forward
1 - 0% - 50%
2 - 0% - 50%
PK3 Defense
1 - 0% - 50%
2 - 0% - 50%
44 Forward
1 - 0% - 50%
2 - 0% - 50%
44 Defense
1 - 0% - 50%
2 - 0% - 50%
Last Minute Offensive  - 0:00
Last Minute Defensive  - 0:28
Total
Forward - 60:00
Defense - 60:00

Play by Play

1st period


0:01 of 1st period - Jim O'Brien wins face-off versus Ville Leino in neutral zone.
0:31 of 1st period - Snap shot by Dmitrij Jaskin.
0:31 of 1st period - Shot Blocked by Sami Salo.
0:33 of 1st period - Snap shot by Dmitrij Jaskin.
0:33 of 1st period - Shot Blocked by Sami Salo.
0:35 of 1st period - Slapshot by Randy Jones.
0:35 of 1st period - Shot Blocked by Sami Salo.
0:37 of 1st period - Snap shot by Ville Leino.
0:37 of 1st period - Shot Misses the Net.
0:51 of 1st period - Snap shot by Zack Stortini.
0:51 of 1st period - Shot Misses the Net.
0:53 of 1st period - Snap shot by Bryan Lerg.
0:53 of 1st period - Shot Misses the Net.
0:55 of 1st period - Snap shot by Mark Van Guilder.
0:55 of 1st period - Shot Blocked by Sami Salo.
0:57 of 1st period - Snap shot by Bryan Lerg.
0:57 of 1st period - Stopped by Drew MacIntyre without a rebound.
0:58 of 1st period - Mark Van Guilder wins face-off versus Andrew Clark in Checkers zone.
1:17 of 1st period - Slapshot by Robyn Regehr.
1:17 of 1st period - Shot Misses the Net.
1:19 of 1st period - Slapshot by Robyn Regehr.
1:19 of 1st period - Shot Blocked by Zack Stortini.
2:19 of 1st period - Slapshot by Garrett Wilson.
2:19 of 1st period - Shot Misses the Net.
3:30 of 1st period - Snap shot by Ville Leino.
3:30 of 1st period - Stopped by Drew MacIntyre with a rebound.
3:32 of 1st period - Backhand shot by Dmitrij Jaskin.
3:32 of 1st period - Stopped by Drew MacIntyre with a rebound.
4:11 of 1st period - Minor Penalty to J.T. Wyman for Holding.
4:12 of 1st period - Taylor Matson wins face-off versus Bryan Lerg in Checkers zone.
4:27 of 1st period - Slapshot by Randy Jones.
4:27 of 1st period - Shot Blocked by Robyn Regehr.
4:29 of 1st period - Slapshot by Garnet Exelby.
4:29 of 1st period - Stopped by Drew MacIntyre with a rebound.
4:31 of 1st period - Wrist shot by Randy Jones.
4:31 of 1st period - Stopped by Drew MacIntyre with a rebound.
4:33 of 1st period - Slapshot by Bryan Lerg.
4:33 of 1st period - Deflect By Zack Stortini.
4:33 of 1st period - Stopped by Drew MacIntyre without a rebound.
4:34 of 1st period - Ville Leino wins face-off versus Taylor Matson in Checkers zone.
5:35 of 1st period - Icing by Dmitrij Jaskin.
5:36 of 1st period - Tyler Gron wins face-off versus Ville Leino in Phantoms zone.
5:41 of 1st period - Snap shot by Robyn Regehr.
5:41 of 1st period - Stopped by Marek Mazanec with a rebound.
5:43 of 1st period - Slapshot by Robyn Regehr.
5:43 of 1st period - Stopped by Marek Mazanec with a rebound.
5:45 of 1st period - Slapshot by Robyn Regehr.
5:45 of 1st period - Shot Misses the Net.
6:11 of 1st period - Penalty to J.T. Wyman is over, J.T. Wyman is back on ice.
6:42 of 1st period - Wrist shot by Brian McGrattan.
6:42 of 1st period - Shot Misses the Net.
6:44 of 1st period - Slapshot by Sami Salo.
6:44 of 1st period - Shot Misses the Net.
6:46 of 1st period - Wrist shot by Brian McGrattan.
6:46 of 1st period - Stopped by Marek Mazanec with a rebound.
6:48 of 1st period - Slapshot by Blake Parlett.
6:48 of 1st period - Stopped by Marek Mazanec with a rebound.
6:50 of 1st period - Snap shot by Jim O'Brien.
6:50 of 1st period - Shot Misses the Net.
6:52 of 1st period - Wrist shot by Jim O'Brien.
6:52 of 1st period - Stopped by Marek Mazanec with a rebound.
6:54 of 1st period - Snap shot by Sami Salo.
6:54 of 1st period - Deflect By Brian McGrattan.
6:54 of 1st period - Shot Misses the Net.
6:54 of 1st period - Puck is out of play.
6:55 of 1st period - Dmitrij Jaskin wins face-off versus Andrew Clark in Phantoms zone.
7:05 of 1st period - Minor Penalty to Nick Crawford for Slashing.
7:06 of 1st period - Jordan Kremyr wins face-off versus Ville Leino in Checkers zone.
7:40 of 1st period - Robyn Regehr is hit by Garnet Exelby and loses puck.
8:33 of 1st period - Mark Van Guilder is hit by Robyn Regehr and loses puck.
9:00 of 1st period - Andrew Campbell is hit by Zack FitzGerald and loses puck.
9:05 of 1st period - Penalty to Nick Crawford is over, Nick Crawford is back on ice.
9:32 of 1st period - Jonathan Hazen is hit by Brian McGrattan and loses puck.
10:06 of 1st period - Minor Penalty to Farm Player37 for Hooking.
10:07 of 1st period - Ville Leino wins face-off versus Andrew Clark in Phantoms zone.
10:26 of 1st period - Slapshot by Sami Salo.
10:26 of 1st period - Shot Blocked by Ville Leino.
10:28 of 1st period - Snap shot by Corey Locke.
10:28 of 1st period - Goal by Corey Locke - Phantoms : 0 - Checkers : 1.
10:29 of 1st period - Bryan Lerg wins face-off versus Andrew Clark in neutral zone.
10:40 of 1st period - Wrist shot by Garnet Exelby.
10:40 of 1st period - Stopped by Drew MacIntyre without a rebound.
10:41 of 1st period - Andrew Clark wins face-off versus Bryan Lerg in Checkers zone.
11:32 of 1st period - Taylor Matson is hit by Garnet Exelby and loses puck.
11:45 of 1st period - Jonathan Hazen is hit by Taylor Matson and loses puck.
11:58 of 1st period - Slapshot by Robyn Regehr.
11:58 of 1st period - Shot Blocked by Chris Langkow.
12:00 of 1st period - Slapshot by Robyn Regehr.
12:00 of 1st period - Stopped by Marek Mazanec with a rebound.
12:14 of 1st period - Chris Langkow is hit by Robyn Regehr and loses puck.
12:27 of 1st period - Jim O'Brien is hit by Dmitrij Jaskin and loses puck.
12:38 of 1st period - Snap shot by Ville Leino.
12:38 of 1st period - Shot Misses the Net.
13:30 of 1st period - Minor Penalty to Cody Bass for Roughing.
13:31 of 1st period - Tyler Gron wins face-off versus Ville Leino in Checkers zone.
14:31 of 1st period - Slapshot by Ville Leino.
14:31 of 1st period - Stopped by Drew MacIntyre with a rebound.
14:33 of 1st period - Slapshot by Keegan Lowe.
14:33 of 1st period - Stopped by Drew MacIntyre with a rebound.
14:35 of 1st period - Snap shot by Harri Pesonen.
14:35 of 1st period - Shot Misses the Net.
14:37 of 1st period - Slapshot by Keegan Lowe.
14:37 of 1st period - Stopped by Drew MacIntyre with a rebound.
14:39 of 1st period - Slapshot by Keegan Lowe.
14:39 of 1st period - Stopped by Drew MacIntyre with a rebound.
14:41 of 1st period - Wrist shot by Zack FitzGerald.
14:41 of 1st period - Shot Blocked by Tyler Gron.
14:55 of 1st period - Zack Stortini is hit by Taylor Matson.
15:01 of 1st period - Mark Van Guilder is hit by Sean Backman and loses puck.
15:16 of 1st period - Dmitrij Jaskin is hit by Andrew Campbell and loses puck.
15:30 of 1st period - Penalty to Cody Bass is over, Cody Bass is back on ice.
16:05 of 1st period - Off-side.
16:06 of 1st period - Chris Langkow wins face-off versus Jim O'Brien in neutral zone.
17:08 of 1st period - Slapshot by Sami Salo.
17:08 of 1st period - Stopped by Marek Mazanec with a rebound.
17:10 of 1st period - Slapshot by Sami Salo.
17:10 of 1st period - Shot Blocked by Jonathan Hazen.
17:12 of 1st period - Slapshot by Blake Parlett.
17:12 of 1st period - Shot Misses the Net.
17:14 of 1st period - Snap shot by Andrew Clark.
17:14 of 1st period - Stopped by Marek Mazanec without a rebound.
17:15 of 1st period - Tyler Gron wins face-off versus Bryan Lerg in Phantoms zone.
17:42 of 1st period - Slapshot by Mark Van Guilder.
17:42 of 1st period - Stopped by Drew MacIntyre with a rebound.
18:00 of 1st period - Harri Pesonen is hit by Sean Backman and loses puck.
18:05 of 1st period - Slapshot by Robyn Regehr.
18:05 of 1st period - Shot Misses the Net.
18:19 of 1st period - Slapshot by Robyn Regehr.
18:19 of 1st period - Shot Blocked by Zack FitzGerald.
18:21 of 1st period - Snap shot by Triston Grant.
18:21 of 1st period - Stopped by Marek Mazanec with a rebound.
18:45 of 1st period - Randy Jones is hit by J.T. Wyman and loses puck.
19:26 of 1st period - Sami Salo is hit by Dmitrij Jaskin and loses puck.
19:39 of 1st period - Bryan Lerg is hit by Brian McGrattan and loses puck.
19:56 of 1st period - Minor Penalty to Jim O'Brien for Delaying the game.
19:57 of 1st period - Ville Leino wins face-off versus Jordan Kremyr in Checkers zone.
Goals for this period are 0 for Phantoms vs 1 for Checkers.
Shots for this period are 12 for Phantoms vs 10 for Checkers.

2nd period


0:01 of 2nd period - Ville Leino wins face-off versus Tyler Gron in neutral zone.
0:53 of 2nd period - Jordan Kremyr is hit by Garnet Exelby and loses puck.
1:11 of 2nd period - Slapshot by Keegan Lowe.
1:11 of 2nd period - Shot Misses the Net.
1:13 of 2nd period - Slapshot by Keegan Lowe.
1:13 of 2nd period - Stopped by Drew MacIntyre without a rebound.
1:14 of 2nd period - Ville Leino wins face-off versus Taylor Matson in Checkers zone.
1:51 of 2nd period - Snap shot by Zack Stortini.
1:51 of 2nd period - Shot Blocked by Sean Backman.
1:56 of 2nd period - Penalty to Jim O'Brien is over, Jim O'Brien is back on ice.
2:19 of 2nd period - Snap shot by Sami Salo.
2:19 of 2nd period - Shot Blocked by Mark Van Guilder.
2:53 of 2nd period - Wrist shot by Brian McGrattan.
2:53 of 2nd period - Shot Blocked by Randy Jones.
2:55 of 2nd period - Snap shot by Jim O'Brien.
2:55 of 2nd period - Shot Misses the Net.
3:35 of 2nd period - Wrist shot by Tyler Gron.
3:35 of 2nd period - Stopped by Marek Mazanec without a rebound.
3:36 of 2nd period - Tyler Gron wins face-off versus Ville Leino in Phantoms zone.
3:43 of 2nd period - Snap shot by Cody Bass.
3:43 of 2nd period - Shot Blocked by Harri Pesonen.
3:45 of 2nd period - Slapshot by Jordan Kremyr.
3:45 of 2nd period - Stopped by Marek Mazanec with a rebound.
3:47 of 2nd period - Slapshot by Tyler Gron.
3:47 of 2nd period - Shot Misses the Net.
3:49 of 2nd period - Slapshot by Tyler Gron.
3:49 of 2nd period - Stopped by Marek Mazanec with a rebound.
4:34 of 2nd period - Bryan Lerg is hit by Taylor Matson.
4:51 of 2nd period - Sami Salo is hit by Keegan Lowe and loses puck.
5:36 of 2nd period - Robyn Regehr is hit by Dmitrij Jaskin and loses puck.
6:03 of 2nd period - Snap shot by Jim O'Brien.
6:03 of 2nd period - Shot Misses the Net.
6:33 of 2nd period - Bryan Lerg is hit by Jordan Kremyr.
6:58 of 2nd period - Icing by Garnet Exelby.
6:59 of 2nd period - Taylor Matson wins face-off versus Chris Langkow in Phantoms zone.
7:32 of 2nd period - Randy Jones is hit by Andrew Campbell and loses puck.
7:37 of 2nd period - Slapshot by Sami Salo.
7:37 of 2nd period - Stopped by Marek Mazanec with a rebound.
8:35 of 2nd period - Zack Stortini is hit by Brian McGrattan and loses puck.
9:12 of 2nd period - Wrist shot by Cody Bass.
9:12 of 2nd period - Shot Misses the Net.
9:14 of 2nd period - Backhand shot by Robyn Regehr.
9:14 of 2nd period - Shot Misses the Net.
9:16 of 2nd period - Snap shot by Robyn Regehr.
9:16 of 2nd period - Shot Misses the Net.
9:18 of 2nd period - Wrist shot by Jordan Kremyr.
9:18 of 2nd period - Stopped by Marek Mazanec without a rebound.
9:19 of 2nd period - Ville Leino wins face-off versus Taylor Matson in Phantoms zone.
10:07 of 2nd period - Snap shot by Corey Locke.
10:07 of 2nd period - Stopped by Marek Mazanec with a rebound.
10:09 of 2nd period - Snap shot by Corey Locke.
10:09 of 2nd period - Stopped by Marek Mazanec with a rebound.
10:21 of 2nd period - Slapshot by Sami Salo.
10:21 of 2nd period - Stopped by Marek Mazanec with a rebound.
10:23 of 2nd period - Slapshot by Blake Parlett.
10:23 of 2nd period - Shot Blocked by Jonathan Hazen.
10:41 of 2nd period - Minor Penalty to Farm Player38 for Hooking.
10:42 of 2nd period - Jim O'Brien wins face-off versus Ville Leino in Phantoms zone.
11:31 of 2nd period - Slapshot by Sami Salo.
11:31 of 2nd period - Shot Misses the Net.
12:05 of 2nd period - Snap shot by Brian McGrattan.
12:05 of 2nd period - Shot Misses the Net.
12:07 of 2nd period - Snap shot by Robyn Regehr.
12:07 of 2nd period - Stopped by Marek Mazanec with a rebound.
12:09 of 2nd period - Snap shot by Jim O'Brien.
12:09 of 2nd period - Deflect By Brian McGrattan.
12:09 of 2nd period - Goal by Brian McGrattan - Phantoms : 0 - Checkers : 2.
12:10 of 2nd period - Bryan Lerg wins face-off versus Taylor Matson in neutral zone.
12:24 of 2nd period - Zack Stortini is hit by Julien Brouillette and loses puck.
12:41 of 2nd period - Snap shot by Sean Backman.
12:41 of 2nd period - Stopped by Marek Mazanec with a rebound.
12:43 of 2nd period - Wrist shot by Andrew Campbell.
12:43 of 2nd period - Shot Misses the Net.
13:02 of 2nd period - Chris Langkow is hit by Julien Brouillette and loses puck.
13:34 of 2nd period - Minor Penalty to Keegan Lowe for Hooking.
13:35 of 2nd period - Andrew Clark wins face-off versus Ville Leino in Phantoms zone.
13:35 of 2nd period - Slapshot by Sami Salo.
13:35 of 2nd period - Shot Blocked by Ville Leino.
13:43 of 2nd period - Slapshot by Sami Salo.
13:43 of 2nd period - Shot Blocked by Randy Jones.
13:45 of 2nd period - Snap shot by Sami Salo.
13:45 of 2nd period - Shot Misses the Net.
14:29 of 2nd period - Garnet Exelby is hit by Brian McGrattan and loses puck.
15:34 of 2nd period - Penalty to Keegan Lowe is over, Keegan Lowe is back on ice.
15:52 of 2nd period - Taylor Matson is hit by Garnet Exelby.
15:56 of 2nd period - Wrist shot by Zack Stortini.
15:56 of 2nd period - Shot Blocked by Julien Brouillette.
15:58 of 2nd period - Slapshot by Mark Van Guilder.
15:58 of 2nd period - Shot Misses the Net.
16:00 of 2nd period - Slapshot by Bryan Lerg.
16:00 of 2nd period - Shot Misses the Net.
16:04 of 2nd period - Wrist shot by Mark Van Guilder.
16:04 of 2nd period - Shot Misses the Net.
16:11 of 2nd period - Minor Penalty to Triston Grant for Holding.
16:12 of 2nd period - Tyler Gron wins face-off versus Bryan Lerg in Checkers zone.
17:14 of 2nd period - Keegan Lowe is hit by Julien Brouillette.
17:41 of 2nd period - Robyn Regehr is hit by Garrett Wilson and loses puck.
18:08 of 2nd period - Snap shot by Zack Stortini.
18:08 of 2nd period - Shot Misses the Net.
18:11 of 2nd period - Penalty to Triston Grant is over, Triston Grant is back on ice.
18:24 of 2nd period - Blake Parlett is hit by Chris Langkow and loses puck.
19:11 of 2nd period - Denver Manderson is hit by Andrew Clark.
19:29 of 2nd period - Minor Penalty to Blake Parlett for Interference.
19:30 of 2nd period - Tyler Gron wins face-off versus Ville Leino in Checkers zone.
19:45 of 2nd period - Wrist shot by Dmitrij Jaskin.
19:45 of 2nd period - Stopped by Drew MacIntyre without a rebound.
19:46 of 2nd period - Ville Leino wins face-off versus Tyler Gron in Checkers zone.
Goals for this period are 0 for Phantoms vs 1 for Checkers.
Shots for this period are 2 for Phantoms vs 11 for Checkers.

3rd period


0:01 of 3rd period - Tyler Gron wins face-off versus Ville Leino in neutral zone.
0:34 of 3rd period - Slapshot by Robyn Regehr.
0:34 of 3rd period - Shot Misses the Net.
0:37 of 3rd period - Icing by Randy Jones.
0:38 of 3rd period - Tyler Gron wins face-off versus Ville Leino in Phantoms zone.
0:41 of 3rd period - Wrist shot by Jordan Kremyr.
0:41 of 3rd period - Shot Blocked by Harri Pesonen.
1:01 of 3rd period - Slapshot by Randy Jones.
1:01 of 3rd period - Deflect By Julien Brouillette.
1:01 of 3rd period - Stopped by Drew MacIntyre with a rebound.
1:29 of 3rd period - Penalty to Blake Parlett is over, Blake Parlett is back on ice.
2:12 of 3rd period - Snap shot by Brian McGrattan.
2:12 of 3rd period - Shot Blocked by Farm Player37.
2:14 of 3rd period - Slapshot by Robyn Regehr.
2:14 of 3rd period - Deflect By Garrett Wilson.
2:14 of 3rd period - Stopped by Marek Mazanec with a rebound.
2:16 of 3rd period - Slapshot by Robyn Regehr.
2:16 of 3rd period - Shot Misses the Net.
2:18 of 3rd period - Snap shot by Jim O'Brien.
2:18 of 3rd period - Shot Misses the Net.
2:20 of 3rd period - Snap shot by Robyn Regehr.
2:20 of 3rd period - Stopped by Marek Mazanec with a rebound.
2:22 of 3rd period - Slapshot by Robyn Regehr.
2:22 of 3rd period - Shot Blocked by Chris Langkow.
2:24 of 3rd period - Slapshot by Robyn Regehr.
2:24 of 3rd period - Stopped by Marek Mazanec with a rebound.
2:26 of 3rd period - Slapshot by Joshua Shalla.
2:26 of 3rd period - Shot Blocked by Farm Player37.
3:31 of 3rd period - Icing by Sami Salo.
3:32 of 3rd period - Andrew Clark wins face-off versus Ville Leino in Checkers zone.
3:38 of 3rd period - Off-side.
3:39 of 3rd period - Andrew Clark wins face-off versus Ville Leino in neutral zone.
4:01 of 3rd period - Snap shot by Corey Locke.
4:01 of 3rd period - Shot Misses the Net.
4:27 of 3rd period - Slapshot by Zack Stortini.
4:27 of 3rd period - Stopped by Drew MacIntyre with a rebound.
4:52 of 3rd period - Wrist shot by Brian McGrattan.
4:52 of 3rd period - Stopped by Marek Mazanec without a rebound.
4:53 of 3rd period - Jim O'Brien wins face-off versus Ville Leino in Phantoms zone.
5:19 of 3rd period - Minor Penalty to Zack FitzGerald for Hooking.
5:20 of 3rd period - Ville Leino wins face-off versus Jim O'Brien in Phantoms zone.
5:20 of 3rd period - Ville Leino is hit by Blake Parlett.
5:33 of 3rd period - Slapshot by Sami Salo.
5:33 of 3rd period - Shot Blocked by Garnet Exelby.
5:35 of 3rd period - Snap shot by Brian McGrattan.
5:35 of 3rd period - Shot Misses the Net.
5:39 of 3rd period - Slapshot by Sami Salo.
5:39 of 3rd period - Stopped by Marek Mazanec with a rebound.
5:59 of 3rd period - Snap shot by Sami Salo.
5:59 of 3rd period - Shot Blocked by Garnet Exelby.
6:01 of 3rd period - Slapshot by Sami Salo.
6:01 of 3rd period - Shot Misses the Net.
6:27 of 3rd period - Slapshot by Robyn Regehr.
6:27 of 3rd period - Shot Misses the Net.
7:13 of 3rd period - Garnet Exelby is hit by Robyn Regehr and loses puck.
7:19 of 3rd period - Penalty to Zack FitzGerald is over, Zack FitzGerald is back on ice.
7:36 of 3rd period - Chris Langkow is hit by Nick Crawford and loses puck.
8:03 of 3rd period - Minor Penalty to Triston Grant for Hooking.
8:04 of 3rd period - Bryan Lerg wins face-off versus Tyler Gron in Checkers zone.
8:52 of 3rd period - Icing by Randy Jones.
8:53 of 3rd period - Tyler Gron wins face-off versus Dmitrij Jaskin in Phantoms zone.
9:16 of 3rd period - Wrist shot by Zack Stortini.
9:16 of 3rd period - Shot Misses the Net.
9:32 of 3rd period - Wrist shot by Jordan Kremyr.
9:32 of 3rd period - Stopped by Marek Mazanec without a rebound.
9:33 of 3rd period - Tyler Gron wins face-off versus Ville Leino in Phantoms zone.
9:34 of 3rd period - Slapshot by Julien Brouillette.
9:34 of 3rd period - Deflect By Tyler Gron.
9:34 of 3rd period - Stopped by Marek Mazanec without a rebound.
9:35 of 3rd period - Ville Leino wins face-off versus Tyler Gron in Phantoms zone.
10:03 of 3rd period - Penalty to Triston Grant is over, Triston Grant is back on ice.
10:28 of 3rd period - Garrett Wilson is hit by Triston Grant and loses puck.
10:39 of 3rd period - Snap shot by Garrett Wilson.
10:39 of 3rd period - Deflect By Jonathan Hazen.
10:39 of 3rd period - Deflect By Julien Brouillette.
10:39 of 3rd period - Shot Blocked by Andrew Campbell.
10:39 of 3rd period - Puck is out of play.
10:40 of 3rd period - Bryan Lerg wins face-off versus Jim O'Brien in Checkers zone.
11:01 of 3rd period - Brian McGrattan beats up Zack Stortini.
11:01 of 3rd period - Penalty to Brian McGrattan for Fighting.
11:01 of 3rd period - Penalty to Zack Stortini for Fighting.
11:02 of 3rd period - Jim O'Brien wins face-off versus Chris Langkow in neutral zone.
11:13 of 3rd period - Snap shot by Jim O'Brien.
11:13 of 3rd period - Stopped by Marek Mazanec with a rebound.
11:21 of 3rd period - Slapshot by Randy Jones.
11:21 of 3rd period - Stopped by Drew MacIntyre without a rebound.
11:22 of 3rd period - Chris Langkow wins face-off versus Jim O'Brien in Checkers zone.
13:06 of 3rd period - Icing by Keegan Lowe.
13:07 of 3rd period - Ville Leino wins face-off versus Andrew Clark in Phantoms zone.
13:12 of 3rd period - Snap shot by Ville Leino.
13:12 of 3rd period - Shot Hit the Post.
13:33 of 3rd period - Wrist shot by Mark Van Guilder.
13:33 of 3rd period - Shot Misses the Net.
13:35 of 3rd period - Snap shot by Denver Manderson.
13:35 of 3rd period - Stopped by Drew MacIntyre with a rebound.
13:37 of 3rd period - Wrist shot by Bryan Lerg.
13:37 of 3rd period - Shot Misses the Net.
13:39 of 3rd period - Wrist shot by Bryan Lerg.
13:39 of 3rd period - Shot Misses the Net.
13:41 of 3rd period - Snap shot by Mark Van Guilder.
13:41 of 3rd period - Shot Misses the Net.
13:45 of 3rd period - Slapshot by Mark Van Guilder.
13:45 of 3rd period - Shot Misses the Net.
13:47 of 3rd period - Snap shot by Mark Van Guilder.
13:47 of 3rd period - Stopped by Drew MacIntyre with a rebound.
14:17 of 3rd period - Nick Crawford is hit by Dmitrij Jaskin and loses puck.
15:12 of 3rd period - Icing by Mark Van Guilder.
15:13 of 3rd period - Sean Backman wins face-off versus Bryan Lerg in Phantoms zone.
15:32 of 3rd period - Slapshot by Taylor Matson.
15:32 of 3rd period - Stopped by Marek Mazanec with a rebound.
15:58 of 3rd period - Slapshot by Ville Leino.
15:58 of 3rd period - Shot Misses the Net.
16:00 of 3rd period - Slapshot by Keegan Lowe.
16:00 of 3rd period - Shot Blocked by Nick Crawford.
16:02 of 3rd period - Slapshot by Keegan Lowe.
16:02 of 3rd period - Stopped by Drew MacIntyre without a rebound.
16:03 of 3rd period - Ville Leino wins face-off versus Jim O'Brien in Checkers zone.
16:41 of 3rd period - Off-side.
16:42 of 3rd period - Tyler Gron wins face-off versus Ville Leino in neutral zone.
17:03 of 3rd period - Snap shot by Tyler Gron.
17:03 of 3rd period - Stopped by Marek Mazanec with a rebound.
17:09 of 3rd period - Slapshot by Chris Langkow.
17:09 of 3rd period - Shot Misses the Net.
17:11 of 3rd period - Snap shot by Jonathan Hazen.
17:11 of 3rd period - Phantoms goal is going for a video replay.
17:11 of 3rd period - The goal is refused. The referee deems the play has been stopped, even if he had not physically had the opportunity to stop play by blowing his whistle..
17:12 of 3rd period - Chris Langkow wins face-off versus Taylor Matson in Checkers zone.
17:35 of 3rd period - Wrist shot by Triston Grant.
17:35 of 3rd period - Shot Misses the Net.
17:37 of 3rd period - Slapshot by Taylor Matson.
17:37 of 3rd period - Shot Misses the Net.
17:41 of 3rd period - Wrist shot by Sean Backman.
17:41 of 3rd period - Shot Blocked by Zack FitzGerald.
17:43 of 3rd period - Wrist shot by Sean Backman.
17:43 of 3rd period - Shot Misses the Net.
17:45 of 3rd period - Slapshot by Robyn Regehr.
17:45 of 3rd period - Shot Misses the Net.
18:20 of 3rd period - Corey Locke is hit by Garrett Wilson and loses puck.
18:31 of 3rd period - Keegan Lowe is hit by Corey Locke.
18:45 of 3rd period - Ville Leino is hit by Jim O'Brien and loses puck.
18:52 of 3rd period - Brian McGrattan is hit by Ville Leino and loses puck.
19:01 of 3rd period - Harri Pesonen is hit by Andrew Campbell and loses puck.
19:08 of 3rd period - Snap shot by Brian McGrattan.
19:08 of 3rd period - Shot Misses the Net.
19:29 of 3rd period - Snap shot by Mark Van Guilder.
19:29 of 3rd period - Shot Misses the Net.
19:31 of 3rd period - Slapshot by Garnet Exelby.
19:31 of 3rd period - Goal by Garnet Exelby - Phantoms : 1 - Checkers : 2.
19:32 of 3rd period - Jim O'Brien wins face-off versus Harri Pesonen in neutral zone.
19:42 of 3rd period - Phantoms, Marek Mazanec is pulled from the net.
19:56 of 3rd period - Garnet Exelby is hit by Brian McGrattan and loses puck.
Goals for this period are 1 for Phantoms vs 0 for Checkers.
Shots for this period are 8 for Phantoms vs 10 for Checkers.


Output by the SimonT Hockey Simulator (STHS) for Eric Dolegowski -- Original Page W3C XHTML 1.0 Valid
Hockey Simulator - Hockey Simulation - Hockey Manager